 Dungeon Crawl Stone Soup version 0.29.0-4-gdea44cf6ec (webtiles) character file.

Game seed: 17716635792233664716

105 qw the Ruffian (level 4, -1/35 HPs)
             Began as a Ghoul Fire Elementalist on Aug 29, 2022.
             Slain by a quokka (2 damage)
             ... summoned by Eustachio
             ... on level 4 of the Dungeon.
             The game lasted 00:02:09 (2330 turns).

qw the Ruffian (Ghoul Fire Elementalist)            Turns: 2330, Time: 00:02:10

Health: -1/35      AC:  6    Str: 13    XL:     4   Next: 83%
Magic:  5/5        EV:  9    Int: 14    God:
Gold:   66         SH:  5    Dex:  9    Spells: 5/6 levels left

rFire   . . .      SeeInvis .     - Unarmed
rCold   . . .      Faith    .   (no shield)
rNeg    + + +      Spirit   .   e - +0 scale mail
rPois   inf        Reflect  +   (no helmet)
rElec   +          Harm     .   (no cloak)
rCorr   .          Rampage  .   (no gloves)
Will    .....                   (no boots)
Stlth   +.........              a - amulet of Rowkakikk {Reflect rElec rC- Int+4 SH+5 Stlth+}
HPRegen 0.00/turn               (no ring)
MPRegen 0.09/turn               (no ring)

@: inhibited regen
A: claws 1, cold resistance 1, negative energy resistance 3, inhibited
regeneration, torment resistance 2, devour on kill
a: no special abilities


You were on level 4 of the Dungeon.
You visited 1 branch of the dungeon, and saw 3 of its levels.

You collected 66 gold pieces.


Innate Abilities, Weirdness & Mutations

You are immune to poison.
You have sharp fingernails.
Your flesh is cold resistant. (rC+)
You are immune to negative energy. (rN+++)
You do not regenerate when monsters are visible.
You are immune to unholy pain and torment.
You thrive by killing the living.


   Skills:
 + Level 1.0 Fighting
 - Level 1.7 Dodging
 - Level 2.1 Stealth
 - Level 4.4 Unarmed Combat
 - Level 1.7 Spellcasting
 - Level 0.7 Conjurations
 - Level 2.4 Fire Magic


You had 5 spell levels left.
You knew the following spells:

 Your Spells              Type           Power      Damage    Failure   Level
a - Foxfire               Conj/Fire      20%        2x1d5     54%         1

Your spell library contained the following spells:

 Spells                   Type           Power      Damage    Failure   Level
 Scorch                   Fire           14%        2d6       56%         2
 Conjure Flame            Conj/Fire      5%         6-21      88%         3
 Inner Flame              Hex/Fire       4%         N/A       92%         3
 Flame Wave               Conj/Fire      5%         2d5       99%         4

Inventory:

Armour
 e - a +0 scale mail (worn)
 i - a +0 plate armour
Jewellery
 a - the amulet of Rowkakikk (around neck) {Reflect rElec rC- Int+4 SH+5 Stlth+}
   (You acquired it on level 1 of the Dungeon)

   [amulet of reflection]

   It reflects blocked missile attacks.
   Int:       It affects your intelligence (+4).
   rC:        It makes you vulnerable to cold.
   rElec:     It insulates you from electricity.
   SH:        It affects your SH (+5).
   Stlth:     It makes you more stealthy.
 h - a ring of ice
Scrolls
 b - a scroll of vulnerability {unknown}
 c - a scroll of enchant weapon {unknown}
 l - 2 scrolls of identify
 o - a scroll of teleportation {unknown}
Potions
 d - a potion of berserk rage {unknown}
 f - a potion of ambrosia {unknown}
 g - 7 potions of curing
 j - a potion of haste
 k - a potion of might {unknown}
 m - a potion of degeneration {unknown}
 n - a potion of cancellation {unknown}

Dungeon Overview and Level Annotations

Branches:
Dungeon (2/15)

Altars:
Kikubaaqudgha

Annotations:
D:4 Eustachio, Sigmund


Message History

You block Eustachio's attack. Sigmund completely misses you.
You barely miss Eustachio.
Eustachio is lightly wounded.
Eustachio casts a spell.
Eustachio blinks!
Sigmund barely misses you.
You completely miss Sigmund.
Eustachio casts a spell.
Eustachio blinks!
You scratch Sigmund.
Sigmund is lightly wounded.
Eustachio gestures wildly while chanting.
Sigmund closely misses you.
You closely miss Sigmund.
Sigmund is lightly wounded.
Eustachio mumbles some strange words.
You closely miss Sigmund.
Sigmund is lightly wounded.
Sigmund closely misses you.
You scratch Sigmund but do no damage.
Sigmund is lightly wounded.
Eustachio casts a spell.
Eustachio blinks!
Sigmund hits you with a +0 scythe.
You scratch Sigmund.
Sigmund is lightly wounded.
The iron imp grinds its teeth.
You scratch Sigmund but do no damage.
Sigmund is lightly wounded.
Sigmund gestures at you while chanting. The puff of flame hits you!
You scratch Sigmund but do no damage.
Sigmund is lightly wounded.
You block the quokka's attack. You block Sigmund's attack.
You closely miss Sigmund.
Sigmund is lightly wounded.
The quokka closely misses you.
Eustachio casts a spell.
You closely miss Sigmund.
Sigmund is lightly wounded.
The quokka barely misses you. The quokka bites you.
You die...

#.. #@b .5 ####
###.# ###.... ..b.#
...... #...#
.##.#..###rr.#
.......#..@@.##
.......#.#........
..>....#.##.###...
............# .
########.##########
#.##.......#
#.##.##.##.#
#........#.####.#
####.##.........#


You could see Eustachio, Sigmund, an iron imp (summoned), 2 quokkas and 2 bats.

Vanquished Creatures
  A necrophage (D:4)
  A worm (D:2)
  A dart slug (D:2)
  8 ball pythons
  2 bats (D:1)
  5 endoplasms
  A giant cockroach (D:2)
  4 hobgoblins
  3 quokkas (D:1)
  A frilled lizard (D:1)
  3 goblins (D:1)
  4 kobolds
  5 rats
39 creatures vanquished.

Notes
Turn   | Place    | Note
-------+----------+-------------------------------------------
     0 | D:1      | qw the Ghoul Fire Elementalist began the quest for the Orb.
     0 | D:1      | Reached XP level 1. HP: 14/14 MP: 2/2
     0 | D:1      | 0 ||| qw: Version: 0.1-a-90-g952f4b7
     0 | D:1      | 0 ||| qw: Game counter: 3708
     0 | D:1      | 0 ||| qw: Always use a shield: true
     0 | D:1      | 0 ||| qw: God list: Okawaru
     0 | D:1      | 0 ||| qw: Allow faded altars: false
     0 | D:1      | 0 ||| qw: Do Orc after D:15 true
     0 | D:1      | 0 ||| qw: Do second Lair branch before Depths: true
     0 | D:1      | 0 ||| qw: Lair rune preference: random
     0 | D:1      | 0 ||| qw: Plans: Normal
     0 | D:1      | 0 ||| PLANNING D:1-11
   117 | D:1      | Reached skill level 1 in Unarmed Combat
   249 | D:1      | 249 ||| Stepping ~*~*~tactically~*~*~ (stealth).
   250 | D:1      | 250 ||| Stepping ~*~*~tactically~*~*~ (stealth).
   251 | D:1      | 251 ||| Stepping ~*~*~tactically~*~*~ (stealth).
   255 | D:1      | 255 ||| Stepping ~*~*~tactically~*~*~ (stealth).
   264 | D:1      | 264 ||| Stepping ~*~*~tactically~*~*~ (stealth).
   267 | D:1      | Reached skill level 1 in Fighting
   267 | D:1      | Reached XP level 2. HP: 23/23 MP: 3/3
   582 | D:1      | Reached skill level 2 in Unarmed Combat
  1178 | D:1      | Reached XP level 3. HP: 28/28 MP: 4/4
  1378 | D:1      | 1378 ||| UPGRADING to +0 scale mail.
  1388 | D:1      | 1388 ||| DROPPING +0 robe.
  1389 | D:1      | 1389 ||| READING scroll labelled SALUNL CECAGG.
  1390 | D:1      | 1390 ||| READING scroll labelled CUURIKHIUNG.
  1391 | D:1      | 1391 ||| READING scroll labelled JOB IMMAAFAI.
  1392 | D:1      | 1392 ||| READING scroll labelled QATUWNUTUY.
  1393 | D:1      | 1393 ||| READING scroll labelled WUSONELIQO.
  1394 | D:1      | 1394 ||| READING scroll labelled GABBULOODE.
  1394 | D:1      | Identified a scroll of acquirement
  1394 | D:1      | 1394 ||| ACQUIRING amulet of Rowkakikk {Reflect rElec rC-
                  | Int+4 SH+5 Stlth+}
  1394 | D:1      | Acquired the amulet of Rowkakikk {Reflect rElec rC- Int+4
                  | SH+5 Stlth+}
  1396 | D:1      | 1396 ||| UPGRADING to amulet of Rowkakikk {Reflect rElec
                  | rC- Int+4 SH+5 Stlth+}.
  1401 | D:1      | 1401 ||| DRINKING 6 coppery potions.
  1402 | D:1      | 1402 ||| DRINKING 2 viscous orange potions.
  1403 | D:1      | 1403 ||| DRINKING 2 brown potions.
  1404 | D:1      | 1404 ||| DRINKING 2 fuming puce potions.
  1405 | D:1      | 1405 ||| DROPPING potion of magic.
  1406 | D:1      | 1406 ||| DROPPING potion of brilliance.
  1407 | D:1      | 1407 ||| DROPPING potion of lignification.
  1488 | D:2      | 1488 ||| Stepping ~*~*~tactically~*~*~ (stealth).
  1491 | D:2      | 1491 ||| Stepping ~*~*~tactically~*~*~ (stealth).
  1507 | D:2      | 1507 ||| Stepping ~*~*~tactically~*~*~ (hiding).
  1561 | D:2      | Found a faded altar of an unknown god.
  1603 | D:2      | Reached skill level 3 in Unarmed Combat
  1813 | D:2      | Found an ancient bone altar of Kikubaaqudgha.
  2085 | D:2      | You fall into a shaft and drop 2 floors!
  2088 | D:4      | Noticed a necrophage
  2089 | D:4      | 2089 ||| Stepping ~*~*~tactically~*~*~ (stealth).
  2090 | D:4      | 2090 ||| Stepping ~*~*~tactically~*~*~ (stealth).
  2094 | D:4      | 2094 ||| Stepping ~*~*~tactically~*~*~ (stealth).
  2098 | D:4      | 2098 ||| Stepping ~*~*~tactically~*~*~ (stealth).
  2104 | D:4      | 2104 ||| Stepping ~*~*~tactically~*~*~ (stealth).
  2118 | D:4      | Killed a necrophage
  2119 | D:4      | Reached skill level 4 in Unarmed Combat
  2119 | D:4      | Reached XP level 4. HP: 15/35 MP: 5/5
  2310 | D:4      | Noticed Sigmund
  2311 | D:4      | Noticed Eustachio
  2327 | D:4      | HP: 1/35 [Sigmund/puff of flame (10)]
  2330 | D:4      | Slain by a quokka

Levels and vault maps discovered:
D:1:      minmay_arrival_pointy, layout_basic
D:2:      layout_loops_ring, basic_altar, dreamdust_ecumenical_altar_statues,
          hangedman_glass_teeth
D:4:      layout_loops_cross, uniq_edmund, uniq_sigmund, uniq_eustachio

Skill      XL: |  1  2  3 |
---------------+----------+-----
Unarmed Combat | 1 2 4 |  4.4
Fighting       | 1 |  1.0
Dodging        | |  1.7
Stealth        | |  2.1
Spellcasting   | |  1.7
Conjurations   | |  0.7
Fire Magic     | |  2.4

Action                   |  1- 3 |  4- 6 || total
-------------------------+-------+-------++-------
Melee: Unarmed           |   151 |    18 ||   169
       Punch             |     1 |       ||     1
  Use: Scroll            |     6 |       ||     6
       Potion            |     4 |       ||     4
Armor: Robe              |    10 |       ||    10
       Scale mail        |    13 |       ||    13
Dodge: Dodged            |    48 |     7 ||    55
Block: Other             |     7 |     4 ||    11

Table legend:
 A = Non-vault XP
 B = Vault XP
 C = Vault XP percentage of total XP
 D = Non-vault monster count
 E = Vault monster count
 F = Vault count percentage of total count
                 A         B        C        D         E       F
            +---------+---------+-------+---------+---------+-------
      Total |     151 |       0 |   0.0 |      39 |       0 |   0.0
            +---------+---------+-------+---------+---------+-------
        D:1 |      39 |       0 |   0.0 |      24 |       0 |   0.0
        D:2 |      26 |       0 |   0.0 |      13 |       0 |   0.0
        D:4 |      86 |       0 |   0.0 |       2 |       0 |   0.0
            +---------+---------+-------+---------+---------+-------
